 Dungeon Crawl Stone Soup version 0.22.0-36-g8e74550 (webtiles) character file.

2940 shmeve the Fighter (level 9, 0/82 HPs)
             Began as a Minotaur Berserker on Aug 24, 2018.
             Was an Elder of Trog.
             Succumbed to a soldier ant's poison
             ... on level 9 of the Dungeon.
             The game lasted 00:20:00 (7427 turns).

shmeve the Fighter (Minotaur Berserker)             Turns: 7427, Time: 00:20:01

Health: 0/82       AC: 12    Str: 24    XL:     9   Next: 51%
Magic:  8/8        EV: 10    Int:  9    God:    Trog [****..]
Gold:   165        SH:  0    Dex: 11    Spells: 8/8 levels left

rFire    + . .     SeeInvis .   B - +0 war axe
rCold    . . .     Gourm    .   (no shield)
rNeg     + . .     Faith    .   k - +0 chain mail
rPois    .         Spirit   .   (helmet restricted)
rElec    .         Reflect  .   C - scarf {repulsion}
rCorr    .         Harm     .   D - +0 pair of gloves
MR       ++...                  s - +0 pair of boots
Stlth    ..........             (no amulet)
HPRegen  1.63/turn              e - ring of positive energy
MPRegen  0.11/turn              (no ring)

@: brilliant, lethally poisoned (0 -> -3), berserk cooldown, flying,
regenerating, slowed, repel missiles, very slow
A: retaliatory headbutt, horns 2, fire resistance 1, regeneration 1
a: Berserk, Trog's Hand, Brothers in Arms, Renounce Religion


You were on level 9 of the Dungeon.
You worshipped Trog.
Trog was greatly pleased with you.
You were very hungry.

You visited 2 branches of the dungeon, and saw 10 of its levels.

You collected 425 gold pieces.
You spent 260 gold pieces at shops.

Inventory:

Hand Weapons
 B - a +0 war axe (weapon)
Missiles
 z - 6 javelins (quivered)
Armour
 k - a +0 chain mail (worn)
 s - a +0 pair of boots (worn)
 C - a scarf of repulsion (worn)
 D - a +0 pair of gloves (worn)
Jewellery
 e - a ring of positive energy (left hand)
 E - an uncursed ring of poison resistance {unknown}
Wands
 w - a wand of disintegration (7)
 F - a wand of polymorph (10)
Scrolls
 a - a scroll of brand weapon
 f - 9 scrolls of remove curse {unknown}
 i - 2 scrolls of random uselessness {unknown}
 l - a scroll of enchant armour {unknown}
 m - 2 scrolls of noise {unknown}
 n - 7 scrolls of identify {unknown}
 o - a scroll of fear {unknown}
 r - a scroll of amnesia {unknown}
 t - 5 scrolls of teleportation {unknown}
 y - a scroll of enchant weapon {unknown}
 G - a scroll of blinking {unknown}
Potions
 b - 2 potions of mutation
 d - 2 potions of flight
 g - 2 potions of might {unknown}
 h - 2 potions of agility {unknown}
 j - 5 potions of curing {unknown}
 p - 3 potions of brilliance
 q - 3 potions of cancellation {unknown}
 u - a potion of degeneration {unknown}
 v - a potion of berserk rage {unknown}
 x - a potion of invisibility {unknown}
 A - 3 potions of heal wounds {unknown}
Comestibles
 c - 17 rations
 H - a chunk of flesh


   Skills:
 * Level 8.8 Fighting
 * Level 8.8 Axes
 * Level 6.4 Throwing
 + Level 5.8 Armour
 + Level 5.5 Dodging


You had 8 spell levels left.
You didn't know any spells.
Your spell library was empty.

Dungeon Overview and Level Annotations

Branches:
Dungeon (9/15)             Temple (1/1) D:5
   Lair: D:8-11         Orc: D:9-12

Altars:
Cheibriados
Fedhas
Yredelemnul

Shops:
D:7 *:}*[


Innate Abilities, Weirdness & Mutations

You reflexively headbutt those who attack you in melee.
You have a pair of horns on your head.
Your flesh is heat resistant. (rF+)
Your natural rate of healing is unusually fast.


Message History

You feel sick.
Your skin crawls.
You feel resistant to hostile enchantments.
You are feeling very hungry.
You feel sick. The soldier ant stings you!
* * * LOW HITPOINT WARNING * * *
The soldier ant barely misses you.
It was a potion of flight.
You feel very buoyant.
You fly up into the air.
You feel sick.
The soldier ant stings you but does no damage.
It was a potion of mutation.
You feel extremely strange.
You feel resistant to heat.
You begin to heal more quickly.
You feel sick. The soldier ant stings you.
* * * LOW HITPOINT WARNING * * *
You are lethally poisoned!
The soldier ant poisons you! The soldier ant closely misses you.
It was a potion of brilliance.
You feel clever all of a sudden.
You die...

#.#.# #....#
#.###.########
#.#.###....#####.....#
#.#.#.+....'.........#
#.#.#.#....######....#
#.#..................#
#.###.#....#######+###
#..>..#.#..#...
####..#.####.###
#........a@..#
#....#..##.#?#
#..##.####.# #
.....##.# #.#
...##.#.#. #.# ....
#.## #. ... .[. ###
##..# .. ..#


You could see a soldier ant.

Vanquished Creatures
  Joseph (D:8)
  A troll (D:9)
  A hornet (D:9)
  An orc warrior (D:7)
  2 phantoms (D:6)
  A sky beast (D:6)
  2 centaurs
  2 ogres (D:5)
  A wolf (D:9)
  2 bullfrogs (D:6)
  6 scorpions
  A wyvern skeleton (D:8)
  2 howler monkeys
  An electric eel (D:9)
  2 crimson imps
  A bullfrog zombie (D:5)
  2 hounds (D:6)
  3 orc priests
  A jelly (D:6)
  2 bullfrog skeletons (D:5)
  3 worker ants
  5 orc wizards
  3 iguanas
  A howler monkey skeleton (D:6)
  8 adders
  A gnoll (D:1)
  3 shadow imps
  A white imp (D:9)
  An adder zombie (D:7)
  3 oozes
  2 adder skeletons
  3 worms
  3 dart slugs
  4 leopard geckos
  19 orcs
  10 bats
  5 giant cockroaches
  9 hobgoblins
  4 jackals (D:7)
  24 kobolds
  A quokka (D:7)
  2 ball pythons
  4 frilled lizards
  9 goblins
  2 jackal skeletons
  A leopard gecko zombie (D:5)
  6 rats
  A plant (D:6)
173 creatures vanquished.

Vanquished Creatures (others)
  A plant (D:6)
1 creature vanquished.

Grand Total: 174 creatures vanquished

Notes
Turn   | Place    | Note
-------+----------+-------------------------------------------
     0 | D:1      | shmeve the Minotaur Berserker began the quest for the Orb.
     0 | D:1      | Reached XP level 1. HP: 19/19 MP: 0/0
     9 | D:1      | Reached XP level 2. HP: 20/27 MP: 1/1
   110 | D:1      | Reached skill level 1 in Throwing
   255 | D:1      | Reached XP level 3. HP: 28/33 MP: 2/2
   658 | D:2      | Reached ** piety under Trog
   831 | D:2      | Reached XP level 4. HP: 18/41 MP: 3/3
  1103 | D:2      | Found a blossoming altar of Fedhas.
  2218 | D:3      | Reached XP level 5. HP: 35/47 MP: 4/4
  2620 | D:4      | Reached skill level 5 in Fighting
  2620 | D:4      | Reached skill level 5 in Axes
  2868 | D:4      | Reached XP level 6. HP: 45/56 MP: 5/5
  3176 | D:5      | Entered Level 5 of the Dungeon
  3227 | D:5      | Reached XP level 7. HP: 44/62 MP: 6/6
  3242 | D:5      | Reached *** piety under Trog
  3356 | D:5      | Found a staircase to the Ecumenical Temple.
  3377 | Temple   | Entered the Ecumenical Temple
  4084 | D:6      | Found a blossoming altar of Fedhas.
  4095 | D:6      | Reached XP level 8. HP: 71/71 MP: 7/7
  4618 | D:6      | Reached skill level 5 in Throwing
  4804 | D:6      | Reached skill level 5 in Armour
  5224 | D:7      | Found Istrifaitz's Gadget Shop.
  5282 | D:7      | Found Lionler's Book Shop.
  5300 | D:7      | Reached **** piety under Trog
  5522 | D:7      | Reached skill level 5 in Dodging
  5587 | D:7      | Found Plog's General Store.
  5601 | D:7      | Bought a scroll of brand weapon for 260 gold pieces
  5656 | D:7      | Found a basalt altar of Yredelemnul.
  5742 | D:7      | Found Odicit's General Store.
  5801 | D:7      | Found Zufoick's Antique Armour Shop.
  5908 | D:7      | Reached XP level 9. HP: 72/81 MP: 8/8
  6294 | D:8      | Noticed Joseph
  6316 | D:8      | Killed Joseph
  7403 | D:9      | Noticed a troll
  7412 | D:9      | Killed a troll
  7415 | D:9      | Paralysed by a hornet for 1 turns
  7424 | D:9      | HP: 3/82 [soldier ant (9)]
  7426 | D:9      | Gained mutation: Your flesh is heat resistant. (rF+) [potion of mutation]
  7426 | D:9      | Gained mutation: Your natural rate of healing is unusually fast. [potion of mutation]
  7426 | D:9      | HP: 1/82 [soldier ant (3)]
  7427 | D:9      | Succumbed to a soldier ant's poison

Skill      XL: |  1  2  3  4  5  6  7  8  9 |
---------------+----------------------------+-----
Axes           | 4 5 6 7 8 |  8.8
Throwing       | 1 2 3 4 5 6 |  6.4
Fighting       | 4 5 6 8 |  8.8
Armour         | 3 4 5 |  5.8
Dodging        | 3 4 5 |  5.5

Action                   |  1- 3 |  4- 6 |  7- 9 || total
-------------------------+-------+-------+-------++-------
Melee: Hand axe          |    69 |   141 |   156 ||   366
       Headbutt          |     7 |    27 |    41 ||    75
       War axe           |       |       |    79 ||    79
       Unarmed           |       |       |     6 ||     6
Throw: Javelin           |       |       |     4 ||     4
Invok: Trog's Hand       |     1 |       |     2 ||     3
       Berserk           |       |     3 |     4 ||     7
Evoke: Wand              |       |       |     1 ||     1
  Use: Potion            |       |       |     3 ||     3
  Eat: Chunk             |       |     6 |    18 ||    24
       Ration            |       |     1 |       ||     1
Armor: Animal skin       |    25 |       |       ||    25
       Chain mail        |       |    75 |   115 ||   190
Dodge: Dodged            |    56 |    78 |   145 ||   279
       Deflected         |       |       |     3 ||     3
